 Dungeon Crawl Stone Soup version 0.17-a0-1-g1f4be75 (webtiles) character file.

294 Gronka the Shield-Bearer (level 6, -2/48 HPs)
             Began as a Human Fighter on Mar 5, 2015.
             Slain by Gronka's ghost (7 damage)
             ... on level 4 of the Dungeon.
             The game lasted 00:07:15 (2792 turns).

Gronka the Shield-Bearer (Human Fighter)            Turns: 2792, Time: 00:07:15

Health: -2/48      AC:  8    Str: 19    XL:     6   Next: 60%
Magic:  6/6        EV: 14    Int:  8    God:
Gold:   152        SH:  0    Dex: 17    Spells: 0 memorised, 5 levels left

rFire  . . .     SeeInvis .     d - +0 falchion (vamp)
rCold  . . .     Clarity  .     b - +0 scale mail
rNeg   . . .     SustAb   .     c - +0 shield
rPois  .         Gourm    +     (no helmet)
rElec  .         Spirit   .     (no cloak)
rCorr  .         Warding  .     y - +0 pair of gloves
rMut   .         Stasis   .     (no boots)
MR     .....                    k - amulet of the gourmand
Stlth  +.........               (no ring)
                                (no ring)

@: confused, agile, lethally poisoned (-2 -> -9), flying, not resistant to
hostile enchantments, very unstealthy
A: no striking features
a: no special abilities


You were on level 4 of the Dungeon.
You were not hungry.

You visited 1 branch of the dungeon, and saw 4 of its levels.

You collected 152 gold pieces.

Inventory:

Hand weapons
 a - a +0 long sword
 d - a +0 vampiric falchion (weapon)
Armour
 b - a +0 scale mail (worn)
 c - a +0 shield (worn)
 y - a +0 pair of gloves (worn)
Jewellery
 k - an amulet of the gourmand (around neck)
 t - an uncursed ring of flight {unknown}
Magical devices
 r - a wand of polymorph (14)
 x - a wand of draining (8)
Scrolls
 f - a scroll of fear {unknown}
 g - 3 scrolls of enchant armour {unknown}
 h - 3 scrolls of magic mapping {unknown}
 i - 5 scrolls of identify {unknown}
 j - 2 scrolls of immolation {unknown}
 l - 2 scrolls of recharging {unknown}
 m - 2 scrolls of amnesia {unknown}
 n - 4 scrolls of remove curse {unknown}
 p - 2 scrolls of random uselessness {unknown}
 w - 2 scrolls of teleportation {unknown}
 A - a scroll of noise {unknown}
Potions
 e - a potion of might
 o - a potion of degeneration {unknown}
Comestibles
 q - 2 bread rations


   Skills:
 + Level 3.8 Fighting
 + Level 3.0 Long Blades
 + Level 4.0 Armour
 + Level 2.1 Dodging
 + Level 4.7 Shields


You had 5 spell levels left.
You didn't know any spells.

Dungeon Overview and Level Annotations

Branches:
Dungeon (4/15)
 Temple: D:4-7

Altars:

Annotations:
D:4 Gronka's ghost, average HuFi


Message History

Drink which item? (? for menu, Esc to quit)
It was a potion of agility.
You feel agile all of a sudden.
* * * LOW HITPOINT WARNING * * *
You feel sick. Gronka's ghost barely misses you.
The phantom hits you but does no damage.
Drink which item? (? for menu, Esc to quit)
It was a potion of ambrosia.
You are confused.
You feel invigorated.
You feel sick.
Gronka's ghost hits you but does no damage.
The phantom hits you!
* * * LOW HITPOINT WARNING * * *
Drink which item? (? for menu, Esc to quit)
It was a potion of flight.
You feel very buoyant.
You fly up into the air.
* * * LOW HITPOINT WARNING * * *
You feel sick. Gronka's ghost hits you!
You die...

##############
#.W@W..)......
#.##.###.#####
##.##... #.
#############...#..##
##.#####
#............>..#..#
...<....#
#.###########...#..#
#........# #.#
#####..# #........#
#.# #..#####.........
#.# ###
#...............#


You could see a phantom and Gronka's ghost.

Vanquished Creatures
  A giant frog (D:2)
  A scorpion (D:4)
  A centaur skeleton (D:4)
  A worker ant (D:4)
  Robin (D:2)
  An adder (D:2)
  3 worms (D:2)
  A giant mite (D:3)
  3 giant geckos
  2 oozes
  6 orcs
  3 ball pythons (D:1)
  7 bats
  10 hobgoblins
  4 jackals (D:1)
  5 giant cockroaches
  5 giant newts
  15 goblins
  8 kobolds
  5 rats
83 creatures vanquished.

Notes
Turn   | Place    | Note
--------------------------------------------------------------
     0 | D:1      | Gronka, the Human Fighter, began the quest for the Orb.
     0 | D:1      | Reached XP level 1. HP: 18/18 MP: 1/1
   117 | D:1      | Reached XP level 2. HP: 24/24 MP: 2/2
   216 | D:1      | Reached XP level 3. HP: 12/29 MP: 3/3
   844 | D:2      | Reached skill level 1 in Dodging
  1006 | D:2      | Reached XP level 4. HP: 22/35 MP: 4/4
  1395 | D:2      | Noticed Robin
  1450 | D:2      | Noticed a giant frog
  1450 | D:2      | a hobgoblin changed into a giant frog
  1452 | D:2      | Killed Robin
  1458 | D:2      | Killed a giant frog
  1458 | D:2      | Reached skill level 4 in Shields
  1458 | D:2      | Reached XP level 5. HP: 34/41 MP: 5/5
  2427 | D:4      | Reached XP level 6. HP: 45/48 MP: 6/6
  2745 | D:4      | Noticed Gronka's ghost (average HuFi)
  2747 | D:4      | Noticed a phantom
  2773 | D:4      | HP: 2/48 [Gronka's ghost (11)]
  2792 | D:4      | Slain by Gronka's ghost

Action                   |  1- 3 |  4- 6 || total
-------------------------+-------+-------++-------
Melee: Long sword        |   124 |   179 ||   303
       Unarmed           |       |    11 ||    11
       Falchion          |       |    58 ||    58
  Use: Potion            |       |     7 ||     7
  Eat: Bread ration      |     1 |     1 ||     2
       Pizza             |       |     1 ||     1
       Royal jelly       |       |     1 ||     1
